 Dungeon Crawl Stone Soup version 0.32-a0-898-g7811c86cf0 (webtiles) character file.

Game seed: 14935946189480871383

184 RBrandon the Grasshopper (level 5, -11/41 HPs)
             Began as a Demigod Warper on Apr 4, 2024.
             Shot with an arrow by a centaur (14 damage)
             ... on level 5 of the Dungeon.
             The game lasted 00:09:08 (3228 turns).

RBrandon the Grasshopper (Demigod Warper)           Turns: 3228, Time: 00:09:08

Health: -11/41     AC:  3    Str: 12    XL:     5   Next: 14%
Magic:  8/10       EV: 11    Int: 15    God:
Gold:   208        SH:  0    Dex: 17    Spells: 2/7 levels left

rFire   . . .        k - +2 war axe (venom)
rCold   . . .        (no shield)
rNeg    . . .        b - +0 leather armour
rPois   .            (helmet currently unavailable)
rElec   .            (cloak currently unavailable)
rCorr   .            (gloves currently unavailable)
SInv    .            (boots currently unavailable)
Will    .....        (no amulet)
Stlth   +            (no ring)
HPRegen 0.26/turn    (no ring)
MPRegen 0.12/turn

%: no passive effects
@: mighty, beast-form
A: beast (slay +1), high MP 1, forlorn, divine attributes
a: Begin Untransformation


You were on level 5 of the Dungeon.
You were a hulking beast.
You visited 1 branch of the dungeon, and saw 5 of its levels.

You collected 208 gold pieces.

Inventory:

Hand Weapons
 a - a +0 falchion
 k - a +2 war axe of venom (weapon)
   (You found it on level 1 of the Dungeon)
Missiles
 d - 6 darts of dispersal (quivered)
Armour
 b - a +0 leather armour (worn)
 g - a +0 scale mail
 x - a +0 helmet
Talismans
 l - a beast talisman (active)
Wands
 A - a wand of paralysis (13)
Scrolls
 c - 3 scrolls of blinking
 e - a scroll of amnesia {unknown}
 m - a scroll of noise {unknown}
 p - 2 scrolls of enchant armour {unknown}
 q - a scroll of brand weapon {unknown}
 s - 4 scrolls of identify {unknown}
 u - 2 scrolls of vulnerability {unknown}
 v - 3 scrolls of teleportation {unknown}
 w - a scroll of torment {unknown}
 y - a scroll of revelation {unknown}
 B - a scroll of fear {unknown}
Potions
 f - a potion of ambrosia {unknown}
 h - 2 potions of degeneration {unknown}
 i - a potion of lignification {unknown}
 j - 2 potions of might
 n - a potion of attraction {unknown}
 o - a potion of cancellation {unknown}
 r - 4 potions of curing {unknown}
 t - a potion of heal wounds {unknown}
 z - a potion of berserk rage {unknown}


   Skills:
 - Level 2.0 Fighting
 - Level 2.4 Long Blades
 - Level 1.0 Throwing
 - Level 0.9 Armour
 - Level 2.2 Dodging
 - Level 1.8 Spellcasting
 + Level 4.2 Translocations
 - Level 1.9 Shapeshifting


You had 2 spell levels left.
You knew the following spells:

 Your Spells              Type           Power      Damage    Failure   Level
a - Blink                 Tloc           28%        N/A       8%          2
b - Maxwell's Portable P  Tloc           14%        2d(6-17)  16%         3

Your spell library contained the following spells:

 Spells                   Type           Power      Damage    Failure   Level
 Lesser Beckoning         Tloc           28%        N/A       8%          2
 Teleport Other           Tloc           14%        N/A       16%         3
 Sigil of Binding         Hex            1%         N/A       65%         3
 Vhi's Electric Charge    Tloc/Air       14%        N/A       77%         4
 Death Channel            Necr           0%         N/A       100%        6
 Sculpt Simulacrum        Ice/Alch       0%         N/A       100%        6


Dungeon Overview and Level Annotations

Branches:
Dungeon (5/15)
 Temple: D:4-7

Annotations:
D:2 1 runed translucent door, Crazy Yiuf, Sigmund


Innate Abilities, Weirdness & Mutations

You are a hulking beast.
Your limbs bulge with bestial killing power. (Slay +1)
You have an increased reservoir of magic. (+10% MP)
You shall have no god before yourself.
Your divine heritage dramatically boosts your attributes as you level up.


Message History

A gnoll comes into view.
It is wielding a +0 flail of protection.
The gnoll shouts!
You see here a scroll labelled YLUALEN QOSAOGRA.
A gnoll is nearby!
B - a scroll labelled YLUALEN QOSAOGRA
Press: ? - help, v - describe, . - travel The floor.
Casting: Maxwell's Portable Piledriver (dangerous; 16% risk of failure)
Confirm with . or Enter, or press ? or * to list all spells.
Casting: Maxwell's Portable Piledriver (dangerous; 16% risk of failure)
Press: ? - help, Dir - look around, f - activate Space contracts around you and the gnoll and then re-expands violently!
The gnoll slams into the rock wall.
The gnoll is moderately wounded.
A centaur and a gnoll come into view.
The centaur shouts!
The gnoll shouts!
The centaur wields a +0 orcbow.
The centaur shoots an arrow.
The arrow hits you! The gnoll misses you.
You hit the gnoll.
The gnoll is poisoned.
The gnoll is heavily wounded.
The gnoll closely misses you.
You completely miss the gnoll.
The gnoll is severely wounded.
You hit the gnoll.
The gnoll is poisoned.
The gnoll hits you with a +0 flail of protection.
The gnoll hits you with a +0 club. The gnoll barely misses you.
The gnoll hits you with a +0 club.
You hit the gnoll but do no damage.
The gnoll looks as sick as possible!
The gnoll is almost dead.
You closely miss the gnoll.
You kill the gnoll!
The centaur shoots an arrow.
The arrow hits you.
* * * LOW HITPOINT WARNING * * *
The centaur shoots an arrow.
The arrow hits you!
* * * LOW HITPOINT WARNING * * *
The gnoll misses you.
It was a potion of might.
You feel very mighty all of a sudden.
The centaur shoots an arrow.
The arrow hits you!
You die...

#....<##..##..
#.............
#.............
#.....##..###.
#.....############
#.............$c..
#.........c.......
#.....##.g)##..###
#.....##..h## #
#......#....#
#......#....#
#.....##...##
###+####...#
#..... #......
+...... #......


You could see a centaur and a gnoll (very poisoned).

Vanquished Creatures
  A howler monkey (D:4)
  Jessica (D:2)
  An iguana (D:5)
  A gnoll (D:5)
  2 adders
  A dart slug (D:1)
  7 endoplasms
  2 giant cockroaches
  10 goblins
  2 hobgoblins
  12 ball pythons
  9 bats
  3 frilled lizards
  12 kobolds
  6 rats
70 creatures vanquished.

Notes
Turn   | Place    | Note
-------+----------+-------------------------------------------
     0 | D:1      | RBrandon the Demigod Warper began the quest for the Orb.
     0 | D:1      | Reached XP level 1. HP: 17/17 MP: 5/5
   180 | D:1      | Reached skill level 1 in Throwing
   407 | D:1      | Reached XP level 2. HP: 22/24 MP: 7/7
   942 | D:1      | Reached XP level 3. HP: 29/29 MP: 8/8
  1255 | D:2      | Learned a level 2 spell: Blink
  1259 | D:2      | Learned a level 3 spell: Maxwell's Portable Piledriver
  1359 | D:2      | Noticed Sigmund
  1565 | D:2      | Reached skill level 1 in Shapeshifting
  1726 | D:2      | Identified the +9 whip of Wilia {flame, rC+}
  1745 | D:2      | Noticed Jessica
  1750 | D:2      | Killed Jessica
  1880 | D:2      | Found a runed translucent door.
  1881 | D:2      | Noticed Crazy Yiuf
  2157 | D:3      | Reached XP level 4. HP: 33/36 MP: 9/9
  2274 | D:3      | Reached skill level 3 in Translocations
  3168 | D:5      | Entered Level 5 of the Dungeon
  3176 | D:5      | Reached skill level 4 in Translocations
  3176 | D:5      | Reached XP level 5. HP: 41/41 MP: 6/10
  3222 | D:5      | Noticed a centaur
  3228 | D:5      | Shot with an arrow by a centaur

Illustrated notes

Levels and vault maps discovered:
D:1:      dpeg_arrival_court, layout_basic,
          shapermc_ecumenical_altar_starsandcircs, supply_closet_lemuel
D:2:      layout_basic, minmay_pentomino_z4, uniq_sigmund, uniq_jessica,
          uniq_crazy_yiuf_cottage
D:3:      layout_loops_ring, kiku_gazebo_garden_becter, okawaru_gym_becter,
          mainiacjoe_overflow_surrounded_room,
          mainiacjoe_overflow_cross_hatched, nicolae_overflow_two_pavilions
D:4:      layout_rooms
D:5:      layout_gridville, temple_pool_b, serial_bayou_pond_d,
          kennysheep_boxes, uniq_pikel

Skill      XL: |  1  2  3  4 |
---------------+-------------+-----
Throwing       | 1 |  1.0
Dodging        | 2 |  2.2
Long Blades    | 2 |  2.4
Fighting       | 2 |  2.0
Shapeshifting  | 1 |  1.9
Translocations | 4 |  4.2
Armour         | |  0.9
Spellcasting   | |  1.8

Action                     |  1- 3 |  4- 6 || total
---------------------------+-------+-------++-------
  Melee: Falchion          |    75 |       ||    75
         War axe           |    61 |    32 ||    93
  Throw: Dart              |     1 |       ||     1
   Cast: Maxwell's Portabl |       |     2 ||     2
    Use: Potion            |       |     1 ||     1
   Stab: Sleeping          |       |     1 ||     1
 Armour: Leather armour    |    53 |    28 ||    81
         Scale mail        |    73 |       ||    73
  Dodge: Dodged            |    73 |    13 ||    86
   Form: Beast             |     1 |       ||     1

Table legend: (Time is in decaauts)
 A = Elapsed time spent in this place.
 B = Non-inter-level travel time spent in this place.
 C = Inter-level travel time spent in this place.
 D = Time resting spent in this place.
 E = Time spent auto-exploring this place.
 F = Levels seen in this place.
 G = Mean time per level.
                   A        B        C        D        E       F      G
               +--------+--------+--------+--------+--------+-----+--------+
         Total |   3288 |   3088 |    200 |    235 |   2171 |   5 |  657.6 |
       Dungeon |   3288 |   3088 |    200 |    235 |   2171 |   5 |  657.6 |
               +--------+--------+--------+--------+--------+-----+--------+

Top non-repeatable levels by time:
     D:1: 1192 daAuts
     D:2: 941 daAuts
     D:3: 698 daAuts
     D:4: 394 daAuts
     D:5: 61 daAuts

Levels and vault maps discovered:
D:1:      dpeg_arrival_court, layout_basic,
          shapermc_ecumenical_altar_starsandcircs, supply_closet_lemuel
D:2:      layout_basic, minmay_pentomino_z4, uniq_sigmund, uniq_jessica,
          uniq_crazy_yiuf_cottage
D:3:      layout_loops_ring, kiku_gazebo_garden_becter, okawaru_gym_becter,
          mainiacjoe_overflow_surrounded_room,
          mainiacjoe_overflow_cross_hatched, nicolae_overflow_two_pavilions
D:4:      layout_rooms
D:5:      layout_gridville, temple_pool_b, serial_bayou_pond_d,
          kennysheep_boxes, uniq_pikel

Table legend: (Time is in decaauts)
 A = Elapsed time spent in this place.
 B = Non-inter-level travel time spent in this place.
 C = Inter-level travel time spent in this place.
 D = Time resting spent in this place.
 E = Time spent auto-exploring this place.
 F = Levels seen in this place.
 G = Mean time per level.
                   A        B        C        D        E       F      G
               +--------+--------+--------+--------+--------+-----+--------+
         Total |   3288 |   3088 |    200 |    235 |   2171 |   5 |  657.6 |
       Dungeon |   3288 |   3088 |    200 |    235 |   2171 |   5 |  657.6 |
               +--------+--------+--------+--------+--------+-----+--------+

Top non-repeatable levels by time:
     D:1: 1192 daAuts
     D:2: 941 daAuts
     D:3: 698 daAuts
     D:4: 394 daAuts
     D:5: 61 daAuts

Table legend:
 A = Kills in this place as a percentage of kills in the entire game.
 B = Kills by you in this place as a percentage of kills by you in the entire game.
 C = Kills by friends in this place as a percentage of kills by friends in the entire game.
 D = Other kills in this place as a percentage of other kills in the entire game.
 E = Experience gained in this place as a percentage of experience gained in the entire game.
 F = Experience gained in this place divided by the number of levels of this place that you have seen.
                   A       B       C       D       E      F
               +-------+-------+-------+-------+-------+----------------------
         Total | 100.0 | 100.0 |   N/A |   N/A | 100.0 |  52.8
       Dungeon | 100.0 | 100.0 |   N/A |   N/A | 100.0 |  52.8
               +-------+-------+-------+-------+-------+----------------------
